Unix NetHack Version 3.7.0-95 Work-in-progress - last build Jan 1 2024 20:51:50 (6a0ccc5fa2390e420dd2d488a2f9488d2ae3a63b,branch:master). Game began 2024-01-11 15:39:05, ended 2024-01-11 16:58:14. elenmirie, lawful female human Knight -------- |<.....| |.......# |......|# ---.-.--## # #### ########### ------- # # -+---# |.[[@[[# # # |...|# |)[.@u|# ## # |...|# |[..u.|# --------.- #----...-# |.[...|# |........| #|......| |[%[[.|## # |........| #|......| |.[...| ## ##-........| #.......| ------- ##--------------.- ## ########---------- -------- #|...............################### #-........>.....| |..............| ---------------- Elenmirie the Esquire St:15 Dx:11 Co:13 In:7 Wi:14 Ch:18 Lawful Dlvl:6 $:0 HP:0(44) Pw:45(45) AC:-1 Xp:5/254 T:3608 Burdened Latest messages: You stop. Arod is in the way! You have trouble lifting X - a pair of leather gloves. You have much trouble lifting a bronze plate mail. Continue? [ynq] (q) q You see here 7 crossbow bolts (for sale, 7 zorkmids). You faint from lack of food. Arod picks up a bronze plate mail. Arod drops a bronze plate mail. You regain consciousness. What do you want to take off? [dfjkV or ?*] c You can't take that off without taking off your cloak first. What do you want to take off? [dfjkV or ?*] ? You were wearing an uncursed +0 orcish cloak. What do you want to take off? [cdfjV or ?*] c You finish taking off your mail. What do you want to drop? [a-hj-lpswxDV-X or ?*] c You drop an uncursed +1 ring mail. Yildizeli offers 55 gold pieces for your ring mail. Sell it? [ynaq] (n) y You sold an uncursed +1 ring mail for 55 gold pieces. Your movements are only slowed slightly by your load. You faint from lack of food. Asfaloth picks up a pair of leather gloves. You regain consciousness. What do you want to eat? [ghls or ?*] ? This food really hits the spot! You finish eating the food ration. What do you want to wear? [kW or ?*] ? You finish your dressing maneuver. What do you want to wear? [k or ?*] k You are now wearing an orcish cloak. Asfaloth drops a pair of leather gloves. What do you want to drop? [$abd-hj-lpswxDV-X or ?*] X You drop a pair of leather gloves. Yildizeli offers 4 gold pieces for your pair of leather gloves. Sell it? [ynaq] (n) y You sold a pair of leather gloves for 4 gold pieces. You kill the gas spore! Boom! Yildizeli is caught in the gas spore's explosion! Yildizeli gets angry! You are caught in the gas spore's explosion! Yildizeli zaps a tin wand! The wand hits you! Yildizeli zaps a tin wand! The wand hits you! You die... Yildizeli takes all your possessions. Do you want to see what you had when you died? [ynq] (y) y Do you want to see your attributes? [ynq] (y) y Do you want an account of creatures vanquished? [ynaq] (y) y Do you want to see your conduct and achievements? [ynq] (y) y Do you want to see the dungeon overview? [ynq] (y) y Inventory: Weapons a - an uncursed +1 long sword (weapon in right hand) b - an uncursed +1 lance (alternate weapon; not wielded) Armor d - an uncursed +0 helmet (being worn) f - an uncursed +0 pair of leather gloves (being worn) V - an uncursed +0 pair of jumping boots (being worn) j - a blessed +0 small shield (being worn) k - an uncursed +0 orcish cloak (being worn) W - an uncursed +1 dwarvish mithril-coat (being worn) Comestibles g - 16 uncursed apples h - 22 uncursed carrots l - 3 uncursed food rations s - an uncursed lembas wafer Wands D - a cursed wand of cancellation (0:5) Tools w - an uncursed oilskin sack containing 14 items e - an uncursed lock pick p - an uncursed magic whistle x - an uncursed towel Contents of the oilskin sack: 588 gold pieces an uncursed scroll of amnesia an uncursed scroll of blank paper an uncursed scroll of enchant armor a cursed scroll of light an uncursed scroll of magic mapping an uncursed scroll of scare monster an uncursed potion of extra healing a cursed potion of extra healing an uncursed potion of fruit juice 3 uncursed potions of healing an uncursed potion of see invisible 4 potions of unholy water an uncursed tallow candle Elenmirie the Knight's attributes: Background: You were an Esquire, a level 5 female human Knight. You were lawful, on a mission for Lugh who was opposed by Brigit (neutral) and Manannan Mac Lir (chaotic). You were right-handed. You were in the Dungeons of Doom, on level 6. You entered the dungeon 3608 turns ago. There was a new moon in effect when your adventure ended. You had 254 experience points, 66 more were needed to attain level 6. Basics: You had 0 out of 44 hit points. You had all 45 energy points (spell power). Your armor class was -1. Your wallet was empty, but you had 588 zorkmids stashed away in your pack. Autopickup was on, but temporarily disabled while inside the shop. Final Characteristics: Your strength was 15 (limit:18/100). Your dexterity was 11 (limit:18). Your constitution was 13 (limit:18). Your intelligence was 7 (limit:18). Your wisdom was 14 (limit:18). Your charisma was 18 (limit:18). Final Status: You weren't hungry. You were burdened; movement was slightly slowed. You were wielding a long sword. You had basic skill with long sword and could have enhanced that. Final Attributes: You were piously aligned. You could jump. You were guarded. You are dead. Miscellaneous: You encountered 1 bones level. Total elapsed playing time was 1 hour, 19 minutes and 8 seconds. Major events: Turn 1: elenmirie the lawful female human Knight entered the dungeon 1311: entered the Gnomish Mines 1582: attained the rank of Esquire (level 3) 1768: destroyed elenmirie's ghost, the former Esquire 3608: killed by a wand Vanquished creatures: a ghost a large mimic a horse an imp a rock piercer a kobold mummy a gray ooze 2 elf zombies a straw golem 2 giant ants a floating eye a kobold leader 4 hill orcs a giant bat 3 iguanas a gas spore a large kobold 2 giant rats 4 cave spiders 2 brown molds a yellow mold 2 green molds 9 jackals 3 foxes a goblin 8 grid bugs a bat 3 lichens 2 kobold zombies 6 newts 68 creatures vanquished. No species were genocided or became extinct. Voluntary challenges: You read items or engraved 5 times. You never engraved Elbereth. You never genocided any monsters. You never polymorphed an object. You never changed form. You used no wishes. Achievements: You entered a shop. You entered the Gnomish Mines. You attained the rank of Esquire. The Dungeons of Doom: levels 1 to 6 Level 1: An altar, a fountain, a sink. Level 2: Some fountains, many trees. Level 3: Stairs down to The Gnomish Mines. Level 4: A fountain, a grave. Final resting place for elenmirie-Kni-Hum-Fem-Law, killed by a pony. Level 5: A sink. Level 6: <- You were here. An armor shop. Final resting place for you, killed by a wand. The Gnomish Mines: Level 4: Game over: ---------- / \ / REST \ / IN \ / PEACE \ / \ | elenmirie | | 0 Au | | killed by a wand | | | | | | | | 2024 | *| * * * | * _________)/\\_//(\/(/\)/\//\/|_)_______ Fare thee well elenmirie the Knight... You died in The Dungeons of Doom on dungeon level 6 with 1276 points, and 0 pieces of gold, after 3608 moves. You were level 5 with a maximum of 44 hit points when you died.